 Dungeon Crawl Stone Soup version 0.31-a0-978-g1e143483b6 (webtiles) character file.

Game seed: 550511126572947070

630 Arzdou the Cleaver (level 7, -3/57 HPs)
             Began as a Hill Orc Chaos Knight on Oct 30, 2023.
             Was a Plaything of Xom.
             Killed from afar by a steam dragon (14 damage)
             ... with a ball of steam
             ... on level 5 of the Dungeon.
             The game lasted 00:07:28 (3552 turns).

Arzdou the Cleaver (Hill Orc Chaos Knight)          Turns: 3552, Time: 00:07:30

Health: -3/57      AC: 16    Str: 20      XL:     7   Next: 48%
Magic:  7/7        EV:  8    Int: 14 (15) God:    Xom [*.....]
Gold:   228        SH:  0    Dex:  5 (8)  Spells: 6/6 levels left

rFire   . . .        a - +1 hand axe (chaos)
rCold   . . .        (no shield)
rNeg    . . .        l - +4 chain mail
rPois   .            (helmet restricted)
rElec   .            (no cloak)
rCorr   .            (no gloves)
SInv    .            (no boots)
Will    .....        j - amulet of faith Stlth
                     (no ring)
HPRegen 0.29/turn    (no ring)
MPRegen 0.10/turn

%: faith
@: no status effects
A: antennae 1, claws 1, iridescent scales 2, clever 1, strong 1
a: Renounce Religion


You were on level 5 of the Dungeon.
You worshipped Xom.
You were a special plaything of Xom.
You visited 1 branch of the dungeon, and saw 5 of its levels.

You collected 228 gold pieces.

Inventory:

Hand Weapons
 a - a +1 hand axe of chaos (weapon)
Armour
 b - a +2 leather armour
 l - a +4 chain mail (worn)
Jewellery
 j - an amulet of faith (around neck)
 A - a ring of ice
Wands
 x - a wand of paralysis (8)
 y - a wand of roots (7)
Scrolls
 c - a scroll of butterflies
 d - 2 scrolls of teleportation
 m - a scroll of blinking
 n - a scroll of immolation
 o - a scroll of enchant armour
 r - a scroll of poison {unknown}
 t - a scroll of amnesia
 w - a scroll of revelation {unknown}
 z - a scroll of identify
Potions
 e - a potion of brilliance {unknown}
 f - a potion of enlightenment {unknown}
 g - a potion of degeneration
 h - a potion of mutation {unknown}
 i - 2 potions of heal wounds
 k - a potion of haste
 p - a potion of attraction
 q - a potion of berserk rage {unknown}
 s - a potion of ambrosia {unknown}
 u - a potion of invisibility {unknown}


   Skills:
 - Level 3.6 Fighting
 + Level 11.0 Axes
 - Level 2.1 Armour
 - Level 0.7 Dodging


You had 6 spell levels left.
You didn't know any spells.
Your spell library contained the following spells:

 Spells                   Type           Power      Damage    Failure   Level
 Apportation              Tloc           0%         N/A       93%         1
 Jinxbite                 Hex            0%         N/A       98%         2
 Dazzling Flash           Conj/Hex       0%         N/A       100%        3
 Agony                    Necr           0%         N/A       100%        5
 Alistair's Intoxication  Tmut/Pois      0%         N/A       100%        5
 Silence                  Hex/Air        0%         N/A       100%        5
 Malign Gateway           Summ/Tloc      0%         N/A       100%        7
 Summon Horrible Things   Summ           0%         N/A       100%        8


Dungeon Overview and Level Annotations

Branches:
Dungeon (5/15)             Temple (0/1) D:5

Altars:
Ru
Zin
The Shining One

Annotations:
D:3 2 runed translucent doors, DEFE's ghost, amateur DsFi


Innate Abilities, Weirdness & Mutations

You have a pair of small antennae on your head.
You have sharp fingernails.
You are mostly covered in iridescent scales. (AC +4)
Your mind is acute. (Int +4, Str/Dex -1)
Your muscles are strong. (Str +4, Int/Dex -1)


Message History

The culicivora is lightly wounded. "The weather's been a little too boring around here."
The culicivora completely misses you.
You closely miss the culicivora.
The culicivora is lightly wounded.
You are engulfed in seething chaos.
Xom twists space around you.
Your surroundings suddenly seem different.
A steam dragon comes into view.
The steam dragon breathes steam at you. The ball of steam hits you!
You are too injured to fight recklessly!
You are too injured to fight recklessly!
You hit the steam dragon.
The steam dragon suddenly seems more agile.
Xom thinks this is hilarious!
The steam dragon is lightly wounded.
The steam dragon completely misses you.
The steam dragon claws you but does no damage.
You hit the steam dragon but do no damage.
Lightning courses through the steam dragon!!
The steam dragon is severely wounded.
The steam dragon breathes steam at you. The ball of steam hits you!
* * * LOW HITPOINT WARNING * * *
An orc comes into view. It is wielding a +0 club.
You hear a shout!
The steam dragon bites you.
* * * LOW HITPOINT WARNING * * *
The steam dragon claws you but does no damage.
You hit the steam dragon.
The steam dragon is severely wounded.
You hit the steam dragon but do no damage.
The steam dragon is poisoned.
The steam dragon is severely wounded.
You are engulfed in a cloud of scalding steam.
* * * LOW HITPOINT WARNING * * *
The steam dragon breathes steam at you. The ball of steam hits you!
You die...

#.# ####.....).....###
###.# ###..#)..#...#* #...#
##..##.⌠.##...# ##.###
######..##.....##..#* #..#
##......##..#.#..##..#*
#.##
#...###....##.##......* ..#
#...###...##§..##...#.* .##
#.......D..§§>....⌠.* * .#
####...###.@.##...##...*,,,
.#
#...........§.##.##....,,
,, .# #..........##..#.#..#
, * ,, .#
#...........##.....#* ,,,
.##########.####..##.⌠.##,
,, , .....# #.# #..#..o#..#
,, .....######.####
#.......# ,,,,,
.....##........# ##.####.#*
,,,,, ...............#
#..#* .# ,, ,,


You could see a steam dragon (agile, very poisoned, catching breath) and an orc.

Vanquished Creatures
  Duvessa (D:5)
  An ogre (D:5)
  A scorpion (D:3)
  Dowan (D:5)
  A howler monkey (D:4)
  A hound (D:5)
  2 jellies
  An iguana (D:4)
  4 orc wizards
  An adder (D:4)
  2 worms
  3 dart slugs (D:1)
  7 orcs
  3 bats
  5 endoplasms
  3 giant cockroaches
  2 goblins
  7 hobgoblins
  A quokka (D:4)
  4 ball pythons
  2 frilled lizards (D:2)
  2 kobolds
  6 rats
61 creatures vanquished.

Vanquished Creatures (collateral kills)
  A quokka (D:3)
  A frilled lizard (D:3)
2 creatures vanquished.

Grand Total: 63 creatures vanquished

Notes
Turn   | Place    | Note
-------+----------+-------------------------------------------
     0 | D:1      | Arzdou the Hill Orc Chaos Knight began the quest for the
                  | Orb.
     0 | D:1      | Reached XP level 1. HP: 19/19 MP: 1/1
    97 | D:1      | XOM: potion effect (haste)
   110 | D:1      | XOM: silly message
   112 | D:1      | XOM: silly message
   117 | D:1      | Reached XP level 2. HP: 22/26 MP: 2/2
   212 | D:1      | Reached skill level 5 in Axes
   266 | D:1      | XOM: divination: detect creatures
   362 | D:1      | Reached XP level 3. HP: 31/31 MP: 3/3
   674 | D:2      | XOM: 3-stop teleportation journey
   966 | D:2      | XOM: noise
   983 | D:2      | XOM: 1-stop teleportation journey
  1136 | D:2      | XOM: cloud trail
  1204 | D:3      | Noticed a scorpion
  1221 | D:3      | Killed a scorpion
  1222 | D:3      | Reached skill level 6 in Axes
  1222 | D:3      | Reached XP level 4. HP: 36/39 MP: 4/4
  1249 | D:3      | Found a runed translucent door.
  1286 | D:3      | Noticed a bullfrog
  1286 | D:3      | Noticed DEFE's ghost (amateur DsFi)
  1300 | D:3      | Reached skill level 7 in Axes
  1366 | D:3      | XOM: 9-stop teleportation journey
  1367 | D:3      | XOM: confuse monster(s)
  1370 | D:3      | XOM: enchant monster (bad)
  1374 | D:3      | XOM: summons friendly quasit
  1380 | D:3      | Reached XP level 5. HP: 22/45 MP: 5/5
  1387 | D:3      | Reached skill level 8 in Axes
  1494 | D:3      | XOM: scenery: 4 doors open
  1502 | D:3      | Found a glowing silver altar of Zin.
  1512 | D:3      | Found a glowing golden altar of the Shining One.
  1748 | D:3      | Found a runed translucent door.
  1830 | D:3      | XOM: cloud trail
  2056 | D:4      | Reached XP level 6. HP: 48/51 MP: 6/6
  2133 | D:4      | XOM: give mutations
  2133 | D:4      | Gained mutation: You are partially covered in iridescent
                  | scales. (AC +2) [Xom's grace]
  2133 | D:4      | Gained mutation: You are mostly covered in iridescent
                  | scales. (AC +4) [Xom's grace]
  2133 | D:4      | Gained mutation: Your muscles are strong. (Str +4, Int/Dex
                  | -1) [Xom's grace]
  2133 | D:4      | Gained mutation: You have sharp fingernails. [Xom's grace]
  2310 | D:4      | Reached skill level 9 in Axes
  2814 | D:4      | XOM: give mutations
  2814 | D:4      | Gained mutation: You have a pair of small antennae on your
                  | head. [Xom's grace]
  2814 | D:4      | Gained mutation: Your mind is acute. (Int +4, Str/Dex -1)
                  | [Xom's grace]
  2847 | D:4      | XOM: god gift: scale mail {god gift}
  2900 | D:5      | Entered Level 5 of the Dungeon
  2914 | D:5      | Found a staircase to the Ecumenical Temple.
  2958 | D:5      | XOM: noise
  2959 | D:5      | XOM: noise
  2961 | D:5      | XOM: noise
  2962 | D:5      | XOM: cast spell 'Dispersal'
  2968 | D:5      | XOM: smoke on damage
  2988 | D:5      | XOM: noise
  3124 | D:5      | Found a sacrificial altar of Ru.
  3165 | D:5      | XOM: summons 2 friendly demons
  3171 | D:5      | Reached skill level 10 in Axes
  3171 | D:5      | Reached XP level 7. HP: 40/57 MP: 7/7
  3246 | D:5      | an orc warrior changed into a shapeshifter
  3246 | D:5      | Noticed a shapeshifter (shapeshifter)
  3246 | D:5      | a shapeshifter changed into a black mamba
  3246 | D:5      | Noticed a black mamba (shapeshifter)
  3252 | D:5      | Noticed Duvessa
  3252 | D:5      | Noticed Dowan
  3252 | D:5      | XOM: divination: magic mapping
  3257 | D:5      | XOM: divination: detect items
  3264 | D:5      | Killed Duvessa
  3269 | D:5      | Killed Dowan
  3278 | D:5      | XOM: 7-stop teleportation journey
  3282 | D:5      | Reached skill level 11 in Axes
  3520 | D:5      | Noticed an alligator
  3522 | D:5      | XOM: fog
  3534 | D:5      | Noticed a slime creature
  3536 | D:5      | a slime creature changed into a shapeshifter
  3536 | D:5      | Noticed a shapeshifter (shapeshifter)
  3536 | D:5      | XOM: polymorph slime creature -> shapeshifter
  3536 | D:5      | a shapeshifter changed into a culicivora
  3536 | D:5      | Noticed a culicivora (shapeshifter)
  3543 | D:5      | XOM: chaos cloud
  3544 | D:5      | Noticed a steam dragon
  3544 | D:5      | XOM: 1-stop teleportation journey
  3552 | D:5      | Killed from afar by a steam dragon

Illustrated notes

Levels and vault maps discovered:
D:1:      matt_arrival_refuge, layout_rooms
D:2:      layout_loops_ring
D:3:      layout_basic, mainiacjoe_overflow_big_doors, ebering_ghost_sewer_f
D:4:      layout_rooms, serial_co_window_serial, co_window_corner_a,
          co_window_paths_b, co_window_corner_a, co_window_paths_b,
          co_window_corner_a, co_window_broadway_a, co_window_corner_b,
          co_window_broadway_b, co_window_4corner_a, co_window_sun,
          glass_columns_a, glass_columns_a
D:5:      layout_rooms, mainiacjoe_overflow_alcove_1, minmay_temple_entry_waves,
          serial_shops, kennysheep_mini, uniq_duvessa

Skill      XL: |  1  2  3  4  5  6  7 |
---------------+----------------------+-----
Axes           | 5 6 7 8 10 11 | 11.0
Fighting       | |  3.6
Armour         | |  2.1
Dodging        | |  0.7

Action                     |  1- 3 |  4- 6 |  7- 9 || total
---------------------------+-------+-------+-------++-------
  Melee: Hand axe          |    68 |    90 |    32 ||   190
    Use: Potion            |     1 |     2 |     4 ||     7
         Scroll            |       |     5 |     2 ||     7
   Stab: Sleeping          |       |     1 |       ||     1
 Armour: Leather armour    |    28 |       |       ||    28
         Chain mail        |     9 |    78 |    41 ||   128
  Dodge: Dodged            |    26 |    23 |    11 ||    60

Table legend: (Time is in decaauts)
 A = Elapsed time spent in this place.
 B = Non-inter-level travel time spent in this place.
 C = Inter-level travel time spent in this place.
 D = Time resting spent in this place.
 E = Time spent auto-exploring this place.
 F = Levels seen in this place.
 G = Mean time per level.
                   A        B        C        D        E       F      G
               +--------+--------+--------+--------+--------+-----+--------+
         Total |   3477 |   3324 |    153 |    158 |   2689 |   5 |  695.4 |
       Dungeon |   3477 |   3324 |    153 |    158 |   2689 |   5 |  695.4 |
               +--------+--------+--------+--------+--------+-----+--------+

Top non-repeatable levels by time:
     D:4: 847 daAuts
     D:3: 822 daAuts
     D:2: 647 daAuts
     D:5: 621 daAuts
     D:1: 539 daAuts
